 Dungeon Crawl Stone Soup version 0.29.1-15-g9cfb28693d (webtiles) character file.

Game seed: 1610217481882568185

3 devnull the Poker (level 1, 0/16 HPs)
             Began as a Merfolk Gladiator on Mar 27, 2023.
             Slain by a quokka (1 damage)
             ... on level 1 of the Dungeon.
             The game lasted 00:00:30 (36 turns).

devnull the Poker (Merfolk Gladiator)                 Turns: 36, Time: 00:00:31

Health: 0/16       AC:  4    Str: 14    XL:     1   Next: 50%
Magic:  1/1        EV: 13    Int:  7    God:
Gold:   0          SH:  0    Dex: 15    Spells: 0/0 levels left

rFire   . . .      SeeInvis .   a - +0 trident
rCold   . . .      Faith    .   (no shield)
rNeg    . . .      Spirit   .   b - +0 leather armour
rPois   .          Reflect  .   c - +0 helmet
rElec   .          Harm     .   (no cloak)
rCorr   .          Rampage  .   (no gloves)
Will    .....                   (no boots)
Stlth   +.........              (no amulet)
HPRegen 0.05/turn               (no ring)
MPRegen 0.07/turn               (no ring)

@: no status effects
A: (nimble swimmer 2), mertail
a: no special abilities


You were on level 1 of the Dungeon.
You visited 1 branch of the dungeon, and saw 1 of its levels.

Inventory:

Hand Weapons
 a - a +0 trident (weapon)
Missiles
 d - a throwing net (quivered)
 e - a javelin
Armour
 b - a +0 leather armour (worn)
 c - a +0 helmet (worn)


   Skills:
 - Level 2.1 Fighting
 + Level 4.3 Polearms
 - Level 2.0 Throwing
 - Level 4.0 Dodging


You couldn't memorise any spells.
You didn't know any spells.
Your spell library was empty.

Dungeon Overview and Level Annotations

Branches:
Dungeon (1/15)

Altars:


Innate Abilities, Weirdness & Mutations

((You are very nimble when in or above water. (Stealth+, EV+, Speed+++)))
Your lower body shifts to a powerful aquatic tail in water.


Message History

The gnoll is severely wounded.
The quokka bites you. The jackal barely misses you.
The gnoll barely misses you.
The quokka bites you but does no damage.
You barely miss the jackal. The jackal bites you. The jackal barely misses you.
The quokka closely misses you. The gnoll hits you but does no damage.
You puncture the jackal!
You kill the jackal!
The quokka completely misses you. The gnoll barely misses you.
You barely miss the rat. The quokka barely misses you.
The rat completely misses you. The gnoll barely misses you.
You closely miss the rat. The quokka bites you. The gnoll barely misses you.
The rat barely misses you.
The quokka twitches its whiskers.
The quokka bites you but does no damage.
You closely miss the rat. The gnoll hits you with a +0 flail!
* * * LOW HITPOINT WARNING * * *
The rat misses you. The quokka bites you.
* * * LOW HITPOINT WARNING * * *
You aren't carrying any potions.
You aren't carrying any scrolls.
Unknown command.
Throw: 3 throwing nets
Press: ? - help, Shift-Dir - straight line, f/p - gnoll
Aim: a gnoll, wielding a +0 flail (severely wounded, 64% to hit)
You throw a throwing net. The throwing net hits the gnoll.
The gnoll is caught in the net!
The gnoll is severely wounded.
The quokka barely misses you.
The gnoll struggles against the net.
The rat bites you but does no damage.
Throw: 2 throwing nets
Press: ? - help, Shift-Dir - straight line, f - quokka, p - gnoll
Aim: a quokka (50% to hit)
You throw a throwing net.
The throwing net completely misses the quokka.
The throwing net hits the frilled lizard.
The frilled lizard is caught in the net!
The quokka twitches its whiskers.
The quokka bites you.
You die...

........##....#.P...P
.......S#.....#P.♣.P.
..............#P♣..P
..........#.<.#...P.
.........##...#P♣PPP
..............#P♣ P
....?..#.#....#♣P
###......#..#r#♣
##.#...#.r#@#PP.PPP
#.....#..gr#..P..P ..
#.$..)Sl#P.♣P♣P
#.##....# ## # #
....... ........
#........ ##.......#


You could see a gnoll (caught), a quokka, a ball python, a frilled lizard
(caught) and 2 rats.

Vanquished Creatures
  2 jackals (D:1)
  A rat (D:1)
3 creatures vanquished.

Notes
Turn   | Place    | Note
-------+----------+-------------------------------------------
     0 | D:1      | devnull the Merfolk Gladiator began the quest for the Orb.
     0 | D:1      | Reached XP level 1. HP: 16/16 MP: 1/1
    36 | D:1      | Slain by a quokka

Illustrated notes

Levels and vault maps discovered:
D:1:      minmay_arrival_arboretum_small, layout_rooms, minmay_octomino_j4

Action                   || total
-------------------------++-------
Melee: Trident           ||    16
Throw: Throwing net      ||     2
Armor: Leather armour    ||    11
Dodge: Dodged            ||    32
